AoeStats
← Easy noia

Arena

505529382Analyzed
1v1 RM · 23d ago on Sep 9, 2026· 56m 50s· 2 players
Game mode
Random Map
Map size
Tiny (2 player)
Population
200
Speed
Normal
Resources
Standard
Victory
Conquest
Starting age
Dark Age
Ending age
Imperial Age
RankedLock teamsTeams togetherTeam positionsShared explorationLock speedFull tech treeHidden civsTurbo modeCheats
Victory
Defeat
🇺🇸 Persians · United States
957
+16
🇳🇱 Teutons · Netherlands
955
-16
Easy noia
7:08 Loom
10:59 Feudal Age
15:53 Castle Age
14:25 Horse Collar
14:46 Double-Bit Axe
15:20 Stone Mining
24:06 Heavy Plow
24:18 Bow Saw
24:53 Fletching
30:30 Imperial Age
30:37 Imperial Age
28:19 Scale Mail Armor
30:12 Ballistics
31:28 Chain Mail Armor
32:41 Chemistry
33:35 Two-Man Saw
33:08 Crop Rotation
37:23 Pikeman
42:38 Ironclad
42:20 Halberdier
43:02 Squires
42:47 Arson
43:37 Plate Mail Armor
43:18 Forging
44:08 Elite Teutonic Knight
46:14 Iron Casting
Hav1k
0:30 Loom
11:58 Feudal Age
12:26 Horse Collar
12:38 Double-Bit Axe
17:36 Castle Age
15:52 Stone Mining
16:01 Gold Mining
18:49 Stone Shaft Mining
18:17 Heavy Plow
18:31 Bow Saw
26:05 Wheelbarrow
25:17 Town Watch
30:00 Hand Cart
30:13 Forging
31:29 Scale Barding Armor
32:56 Gold Shaft Mining
36:14 Imperial Age
35:58 Iron Casting
35:44 Chain Barding Armor
36:07 Town Patrol
36:24 Kamandaran
38:56 Plate Barding Armor
39:27 Elite War Elephant
41:38 Blast Furnace
41:21 Stone Shaft Mining
42:00 Citadels
41:44 Fletching
41:54 Padded Archer Armor
42:50 Bodkin Arrow
42:26 Crossbowman
43:13 Thumb Ring
44:12 Leather Archer Armor
46:42 Ring Archer Armor
56:57 Chemistry
Connection lost

Rejoining the realm…

Still unreachable

The connection could not be restored.

Session expired

The server has moved on; the page needs a fresh start.